 Dungeon Crawl Stone Soup version 0.22-a0-305-gd21a89c (webtiles) character file.

270 xccam the Ruffian (level 6, -3/47 HPs)
             Began as a Mummy Monk on Mar 29, 2018.
             Slain by an iguana (11 damage)
             ... on level 4 of the Dungeon.
             The game lasted 00:08:34 (4142 turns).

xccam the Ruffian (Mummy Monk)                      Turns: 4142, Time: 00:08:35

Health: -3/47      AC:  5    Str: 17    XL:     6   Next: 1%
Magic:  6/6        EV: 14    Int:  9    God:
Gold:   167        SH:  0    Dex: 14    Spells: 5/5 levels left

rFire    . . .     SeeInvis .     - Unarmed
rCold    + . .     Gourm    .   (no shield)
rNeg     + + +     Faith    .   a - +0 robe
rPois    ∞         Spirit   .   j - +0 helmet
rElec    .         Reflect  .   (no cloak)
rCorr    .         Harm     .   i - +1 pair of gloves
MR       .....                  (no boots)
Stlth    ++........             (no amulet)
HPRegen  0.15/turn              k - ring of protection from fire
MPRegen  0.10/turn              (no ring)

@: no status effects
A: no food or potions, fire vulnerability, cold resistance 1, negative energy
resistance 3, torment resistance, unbreathing
a: no special abilities


You were on level 4 of the Dungeon.
You were not hungry.

You visited 1 branch of the dungeon, and saw 4 of its levels.

You collected 167 gold pieces.

Inventory:

Armour
 a - a +0 robe (worn)
 i - a +1 pair of gloves (worn)
 j - a +0 helmet (worn)
Jewellery
 h - an uncursed ring of ice
 k - a ring of protection from fire (left hand)
Scrolls
 b - 2 scrolls of identify
 c - 4 scrolls of immolation
 d - a scroll of remove curse
 e - 3 scrolls of amnesia
 f - 3 scrolls of teleportation
 g - 2 scrolls of fog


   Skills:
 - Level 3.0 Fighting
 + Level 4.3 Dodging
 - Level 1.5 Stealth
 + Level 4.3 Unarmed Combat


You had 5 spell levels left.
You didn't know any spells.

Dungeon Overview and Level Annotations

Branches:
Dungeon (4/15)
 Temple: D:4-7

Altars:

Shops:
D:4 !*


Innate Abilities, Weirdness & Mutations

You do not eat or drink.
Your flesh is vulnerable to fire.
You are immune to poison.
Your flesh is cold resistant. (rC+)
You are immune to negative energy. (rN+++)
You are immune to unholy pain and torment.
You can survive without breathing.


Message History

You hit the iguana but do no damage.
The iguana is heavily wounded.
The iguana completely misses you.
You barely miss the iguana.
The iguana is heavily wounded.
The iguana completely misses you.
You hit the iguana but do no damage. You punch the iguana.
The iguana is severely wounded.
The iguana misses you.
You closely miss the iguana.
The iguana is severely wounded.
The iguana bites you.
You closely miss the iguana.
The iguana is severely wounded.
The iguana bites you!
* * * LOW HITPOINT WARNING * * *
You barely miss the iguana.
The iguana is severely wounded.
The iguana bites you!
You die...

###.......###.###
#..###)......#
###.##.....#####
.......##..##
.....####...#####
.....# #........#
.....# #....(...#
.....#
#........####
######
#........@l.#
#.#########.# #.
.. #. ##


You could see an iguana.

Vanquished Creatures
  An orc wizard (D:3)
  An orc priest (D:4)
  Ijyb (D:3)
  2 worker ants
  6 adders
  A worm (D:3)
  4 dart slugs
  3 leopard geckos
  3 orcs
  6 giant cockroaches
  7 goblins
  5 hobgoblins
  5 quokkas
  2 ball pythons
  5 bats
  4 frilled lizards
  6 kobolds
  A leopard gecko skeleton (D:2)
  A leopard gecko zombie (D:3)
  7 rats
71 creatures vanquished.

Notes
Turn   | Place    | Note
-------+----------+-------------------------------------------
     0 | D:1      | xccam the Mummy Monk began the quest for the Orb.
     0 | D:1      | Reached XP level 1. HP: 18/18 MP: 1/1
    13 | D:1      | Noticed an electric eel
   314 | D:1      | Reached XP level 2. HP: 23/24 MP: 2/2
   963 | D:2      | Reached XP level 3. HP: 24/29 MP: 3/3
  1661 | D:2      | Reached XP level 4. HP: 27/35 MP: 4/4
  2427 | D:3      | Noticed Ijyb
  2559 | D:3      | Reached XP level 5. HP: 41/41 MP: 5/5
  2775 | D:3      | HP: 2/41 [leopard gecko zombie (3)]
  2776 | D:3      | Killed Ijyb
  3179 | D:3      | Noticed an ogre
  3325 | D:4      | Found Waaqeed's Assorted Antiques.
  3913 | D:4      | Reached XP level 6. HP: 19/47 MP: 6/6
  4106 | D:4      | Found Hoaxky's Distillery.
  4142 | D:4      | Slain by an iguana

Vault maps used:
D:1:      arrival_aquarium_a
D:3:      first_ration, uniq_ijyb
D:4:      serial_shops, kennysheep_mini, shop

Skill      XL: |  1  2  3  4  5 |
---------------+----------------+-----
Dodging        | 3 4 |  4.3
Unarmed Combat | 3 4 |  4.3
Fighting       | |  3.0
Stealth        | |  1.5

Action                   |  1- 3 |  4- 6 || total
-------------------------+-------+-------++-------
Melee: Unarmed           |   151 |   194 ||   345
       Punch             |     3 |     2 ||     5
  Use: Scroll            |       |     8 ||     8
 Stab: Sleeping          |     9 |     4 ||    13
Armor: Robe              |    35 |    38 ||    73
Dodge: Dodged            |    73 |   137 ||   210

Table legend:
 A = Spawn XP
 B = Non-spawn XP
 C = Spawn XP percentage of total XP
 D = Spawn monster count
 E = Non-spawn monster count
 F = Spawn count percentage of total count
 G = Total turns spent on level
                    A         B        C        D         E        F      G
               +---------+---------+-------+---------+---------+-------+---------
         Total |       0 |     386 |   0.0 |       0 |      71 |   0.0 |  4142
               +---------+---------+-------+---------+---------+-------+---------
           D:1 |       0 |      32 |   0.0 |       0 |      19 |   0.0 |   709
           D:2 |       0 |      86 |   0.0 |       0 |      26 |   0.0 |  1539
           D:3 |       0 |     185 |   0.0 |       0 |      22 |   0.0 |  1481
           D:4 |       0 |      83 |   0.0 |       0 |       4 |   0.0 |   413
               +---------+---------+-------+---------+---------+-------+---------
